 Dungeon Crawl Stone Soup version 0.20-a0-893-g832831a (webtiles) character file.

118 tarabluh the Magician (level 4, -3/24 HPs)
             Began as a Deep Elf Wizard on Mar 16, 2017.
             Was an Initiate of Sif Muna.
             Killed by divine providence
             ... invoked by an orc priest
              (13 damage)
             ... on level 3 of the Dungeon.
             The game lasted 00:06:41 (2324 turns).

tarabluh the Magician (Deep Elf Wizard)             Turns: 2324, Time: 00:06:41

Health: -3/24      AC:  4    Str:  4    XL:     4   Next: 72%
Magic:  8/15       EV: 13    Int: 24    God:    Sif Muna [......]
Gold:   168        SH:  0    Dex: 13    Spells: 6/17 levels left

rFire    . . .     SeeInvis .   (no weapon)
rCold    + . .     Gourm    .   a - +0 robe
rNeg     . . .     Faith    .   (no shield)
rPois    .         Spirit   .   n - +0 helmet
rElec    .         Reflect  .   w - scarf {rC+}
rCorr    .         Harm     .   q - +0 pair of gloves
MR       .....                  (no boots)
Stlth    ++........             (no amulet)
Regen    0.1/turn               (no ring)
MPRegen  0.2/turn               (no ring)

@: no status effects
A: no striking features
a: Renounce Religion


You were on level 3 of the Dungeon.
You worshipped Sif Muna.
Sif Muna was noncommittal.
You were not hungry.

You visited 2 branches of the dungeon, and saw 6 of its levels.

You collected 168 gold pieces.

Inventory:

Missiles
 t - 7 tomahawks (quivered)
Armour
 a - a +0 robe (worn)
 b - a +0 hat
 e - a +0 buckler
 n - a +0 helmet (worn)
 q - a +0 pair of gloves (worn)
 w - a scarf of cold resistance (worn)
Scrolls
 f - 2 scrolls of identify
 j - a scroll of immolation
 k - a scroll of random uselessness
 m - a scroll of enchant armour {unknown}
Potions
 g - 3 potions of curing
 h - 2 potions of lignification {unknown}
 l - 2 potions of degeneration {unknown}
 o - a potion of magic {unknown}
 p - a potion of agility {unknown}
 u - a potion of heal wounds {unknown}
Books
 c - a book of Minor Magic

   Spells                             Type                      Level
   a - Magic Dart                     Conjuration                  1
   b - Blink                          Translocation                2
   c - Call Imp                       Summoning                    2
   d - Slow                           Hexes                        2
   e - Conjure Flame                  Conjuration/Fire             3
   f - Mephitic Cloud                 Conjuration/Poison/Air       3
Comestibles
 d - a bread ration
 i - 2 chunks of flesh
 r - 5 fruits
 s - 2 meat rations


   Skills:
 - Level 2.4 Dodging
 - Level 2.4 Stealth
 - Level 7.4 Spellcasting
 * Level 1.2 Conjurations
 * Level 1.2 Summonings
 + Level 1.1 Translocations


You had 6 spell levels left.
You knew the following spells:

 Your Spells              Type           Power        Failure   Level  Hunger
a - Magic Dart            Conj           ##..         4%          1    None
b - Call Imp              Summ           ##......     8%          2    None
c - Blink                 Tloc           N/A          10%         2    None
d - Conjure Flame         Conj/Fire      ##......     21%         3    None
e - Mephitic Cloud        Conj/Pois/Air  ##......     21%         3    None


Dungeon Overview and Level Annotations

Branches:
Dungeon (5/15)             Temple (1/1) D:4

Altars:
Cheibriados
Dithmenos
Elyvilon
Fedhas
Hepliaklqana
Kikubaaqudgha
Makhleb
Okawaru
Qazlal
Ru
Sif Muna
Trog
Uskayaw
Vehumet
Wu Jian
Xom
Yredelemnul
Zin

Annotations:
D:4 Robin


Message History

Your white imp dies!
Your crimson imp hits the orc priest.
Your iron imp hits the orc.
Your crimson imp blinks!
The orc hits your iron imp but does no damage.
The orc priest invokes the aid of Beogh against you.
Beogh smites you!
Your iron imp barely misses the orc.
Your crimson imp hits the orc priest.
The orc hits your iron imp but does no damage.
Your iron imp hits the orc.
The orc dies!
Sif Muna accepts your kill.
Your crimson imp blinks!
Casting: Call Imp
Confirm with . or Enter, or press ? or * to list all spells.
Okay, then.
The orc priest invokes the aid of Beogh against you.
Beogh smites you!
Ouch! That really hurt!
You die...

#..# .... #..#
###########.# #..#
#(.........>#
#.#####..##
#.###########
#.......(.####.#.#
#######..(.....#.#
#.#.######)# #...#
#<# ##..# #@# #..#
#.# #..# #.# #>.# #5#
#..# ####)# #####..#
#...o###
#......###.##ยง.(#
#.####..##.#....#####
#...K.)._......#


You could see an orc priest and a friendly iron imp.

Vanquished Creatures
  5 adders
  A worm (D:2)
  A dart slug (D:1)
  3 leopard geckos
  6 orcs
  3 bats (D:1)
  4 giant cockroaches
  5 goblins
  7 hobgoblins
  3 jackals (D:1)
  3 kobolds
  A quokka (D:2)
  7 frilled lizards
  7 rats
56 creatures vanquished.

Vanquished Creatures (collateral kills)
  An orc (D:3)
1 creature vanquished.

Vanquished Creatures (others)
  A giant cockroach (D:2)
  A frilled lizard (D:2)
2 creatures vanquished.

Grand Total: 59 creatures vanquished

Notes
Turn   | Place    | Note
-------+----------+-------------------------------------------
     0 | D:1      | tarabluh the Deep Elf Wizard began the quest for the Orb.
     0 | D:1      | Reached XP level 1. HP: 10/10 MP: 7/7
   112 | D:1      | Reached skill level 5 in Spellcasting
   154 | D:1      | Reached XP level 2. HP: 15/15 MP: 7/10
   297 | D:1      | Learned a level 2 spell: Call Imp
   300 | D:1      | Learned a level 2 spell: Blink
   834 | D:2      | Reached skill level 6 in Spellcasting
   834 | D:2      | Reached XP level 3. HP: 18/19 MP: 3/12
  1011 | D:2      | Found a stormy altar of Qazlal.
  1225 | D:2      | Found a white marble altar of Elyvilon.
  1379 | D:2      | Found a hazy altar of Hepliaklqana.
  1386 | D:2      | Found a hide-covered altar of Uskayaw.
  1397 | D:2      | Found a bloodstained altar of Trog.
  1469 | D:3      | Found an iron altar of Okawaru.
  1500 | D:4      | Found a snail-covered altar of Cheibriados.
  1508 | D:4      | Reached XP level 4. HP: 24/24 MP: 10/14
  1530 | D:4      | Noticed Robin
  1861 | D:2      | Reached skill level 7 in Spellcasting
  1878 | D:2      | Learned a level 3 spell: Conjure Flame
  1882 | D:2      | Learned a level 3 spell: Mephitic Cloud
  2000 | D:5      | Entered Level 5 of the Dungeon
  2016 | D:4      | Found a shadowy altar of Dithmenos.
  2070 | D:4      | Found a staircase to the Ecumenical Temple.
  2079 | Temple   | Entered the Ecumenical Temple
  2111 | Temple   | Became a worshipper of Sif Muna the Loreminder
  2324 | D:3      | Killed from afar by an orc priest

Vault maps used:
D:1:      wheals_arrival_shading, minmay_splitting_lines
D:2:      nicolae_qazlal_eye_of_the_storm, elyvilon_altar_4,
          minmay_overflow_temple_star_quad, grunt_ministairs_15
D:3:      nicolae_overflow_crystal_walls, first_bread, uniq_iyjb
D:4:      nicolae_dithmenos_the_darkroom, kennysheep_mini_moat,
          minmay_temple_entry_purple_smoke, uniq_robin
D:5:      uniq_edmund
Temple:   chequers_temple_sunken

Skill      XL: |  1  2  3  4 |
---------------+-------------+-----
Spellcasting   | 5 6 7 |  7.4
Dodging        | |  2.4
Stealth        | |  2.4
Conjurations   | |  1.2
Summonings     | |  1.2
Translocations | |  1.1

Action                   |  1- 3 |  4- 6 || total
-------------------------+-------+-------++-------
Melee: Unarmed           |     5 |       ||     5
 Cast: Magic Dart        |   103 |    61 ||   164
       Call Imp          |       |     3 ||     3
  Use: Scroll            |       |     5 ||     5
  Eat: Chunk             |     1 |     3 ||     4
Armor: Robe              |    10 |     9 ||    19
Dodge: Dodged            |    28 |    16 ||    44
